 Dungeon Crawl Stone Soup version 0.23.2-40-g277498a001 (webtiles) character file.

Game seed: 8716216897180998447

110938 Hogrash the Warrior (level 16, -2/151 HPs)
             Began as a Hill Orc Monk on Sept 23, 2019.
             Was the Champion of Beogh.
             Killed from afar by a fire dragon (16 damage)
             ... with a blast of flame
             ... on level 4 of the Swamp.
             The game lasted 01:56:00 (33531 turns).

Hogrash the Warrior (Hill Orc Monk)                Turns: 33531, Time: 01:56:01

Health: -2/151     AC: 34    Str: 25    XL:     16   Next: 56%
Magic:  0/27       EV:  9    Int:  3    God:    Beogh [******]
Gold:   1825       SH: 20    Dex: 13    Spells: 15/15 levels left

rFire    + . .     SeeInvis .   c - +3 war axe "Rois" {elec, rPois}
rCold    + + .     Gourm    .   j - +0 shield
rNeg     + . .     Faith    .   y - +12 plate armour of the Black Moon {rN+ rCorr Str+4 Int-2}
rPois    +         Spirit   +   U - +0 helmet
rElec    .         Reflect  +   R - scarf {Spirit}
rCorr    +         Harm     .   M - +0 pair of gloves "Bum Homo" {rC++ MR+++ Int-5 Stlth+}
MR       ++++.                  W - +1 pair of boots {Fly}
Stlth    ..........             p - +6 amulet of reflection
HPRegen  0.35/turn              L - ring of protection from fire
MPRegen  0.20/turn              t - +4 ring of slaying

@: lethally poisoned (-2 -> -5), flying
A: walk on water
a: Smiting, Recall Orcish Followers, Give Item to Named Follower, Resurrection,
Renounce Religion, Stop Flying


You were on level 4 of the Swamp.
You worshipped Beogh.
Beogh was exalted by your worship.
You were not hungry.

You visited 4 branches of the dungeon, and saw 26 of its levels.
You also visited: Gauntlet and Ice Cave.

You collected 2180 gold pieces.
You spent 355 gold pieces at shops.

Inventory:

Hand Weapons
 a - a +6 broad axe of flaming
 b - a +0 hand crossbow
 c - the +3 war axe "Rois" (weapon) {elec, rPois}
   (You found it on level 3 of the Dungeon)

   Occasionally, upon striking a foe, it will discharge some electrical energy
   and cause terrible harm.
   It protects you from poison.
 P - the +3 scimitar of Wunto {slice, +Blink}
   (You found it on level 2 of the Swamp)

   It inflicts extra damage upon your enemies.
   It lets you blink.
 T - the +7 short sword of the Crushed Lovers {drain, rElec rF++}
   (You found it in a Gauntlet)

   A truly terrible weapon, it drains the life of those it strikes.
   It greatly protects you from fire.
   It insulates you from electricity.
Missiles
 u - 4 throwing nets (quivered)
 V - 142 bolts
Armour
 j - a +0 shield (worn)
 x - a +1 plate armour of fire resistance
 y - the +12 plate armour of the Black Moon (worn) {rN+ rCorr Str+4 Int-2}
   (You found it on level 4 of the Swamp)

   It affects your strength (+4).
   It affects your intelligence (-2).
   It protects you from negative energy.
   It provides partial protection from all sources of acid and corrosion.
 M - the +0 pair of gloves "Bum Homo" (worn) {rC++ MR+++ Int-5 Stlth+}
   (You bought it in a shop on level 7 of the Dungeon)

   It affects your intelligence (-5).
   It greatly protects you from cold.
   It affects your resistance to hostile enchantments.
   It makes you more stealthy.
 R - a scarf of spirit shield (worn)
 U - a +0 helmet (worn)
 W - a +1 pair of boots of flying (worn)
Jewellery
 p - a +6 amulet of reflection (around neck)
 q - an uncursed ring of positive energy
 t - a +4 ring of slaying (right hand)
 L - a ring of protection from fire (left hand)
 S - the amulet of Ozuad {Harm *Drain rElec rN+ Int+2 Dex-2}
   (You found it in a Gauntlet)

   [amulet of harm]

   It increases damage dealt and taken.
   It affects your intelligence (+2).
   It affects your dexterity (-2).
   It insulates you from electricity.
   It protects you from negative energy.
   It causes draining when unequipped.
Wands
 g - a wand of iceblast (27)
 s - a wand of acid (29)
 v - a wand of digging (7)
 D - a wand of clouds (3)
 J - a wand of flame (14)
Scrolls
 i - 9 scrolls of magic mapping
 k - a scroll of holy word
 l - 8 scrolls of teleportation
 n - a scroll of torment {unknown}
 o - 4 scrolls of fog
 r - 2 scrolls of acquirement {unknown}
 B - 5 scrolls of summoning {unknown}
 F - 7 scrolls of enchant armour
 H - 9 scrolls of remove curse
 I - 5 scrolls of immolation {unknown}
 K - 6 scrolls of blinking
 O - a scroll of brand weapon
 Q - 5 scrolls of amnesia
 Z - 4 scrolls of fear
Potions
 d - 3 potions of mutation
 f - 5 potions of curing
 h - 9 potions of heal wounds
 m - 6 potions of brilliance
 w - 4 potions of agility
 z - 2 potions of lignification
 A - a potion of cancellation {unknown}
 E - 5 potions of might
 G - 3 potions of resistance
 N - a potion of invisibility
 X - 5 potions of haste
 Y - 3 potions of berserk rage
Comestibles
 e - 6 chunks of flesh
 C - 36 rations


   Skills:
 + Level 16.1 Fighting
 - Level 16.0 Axes
 + Level 14.3 Armour
 - Level 2.4 Dodging
 - Level 1.5 Stealth
 + Level 14.5 Shields
 + Level 15.3 Invocations


You had 15 spell levels left.
You didn't know any spells.
Your spell library contained the following spells:

 Spells                   Type           Power        Failure   Level  Hunger
 Animate Skeleton         Necr           N/A          99%         1    ##.....
 Apportation              Tloc           #.....       99%         1    ##.....
 Confusing Touch          Hex            #.....       99%         1    ##.....
 Infusion                 Chrm           #...         99%         1    ##.....
 Sandblast                Erth           #.....       99%         1    ##.....
 Shock                    Conj/Air       #...         99%         1    ##.....
 Summon Small Mammal      Summ           #...         99%         1    ##.....
 Shroud of Golubria       Chrm/Tloc      #.........   100%        2    ###....
 Song of Slaying          Chrm           #.......     100%        2    ###....
 Swiftness                Chrm/Air       #.......     100%        2    ###....
 Confuse                  Hex            #.......     100%        3    ####...
 Gell's Gravitas          Tloc           #.........   100%        3    ####...
 Portal Projectile        Hex/Tloc       #.....       100%        3    ####...
 Regeneration             Chrm/Necr      #.........   100%        3    ####...
 Spectral Weapon          Hex/Chrm       #.......     100%        3    ####...
 Static Discharge         Conj/Air       #.......     100%        3    ####...
 Stone Arrow              Conj/Erth      #.....       100%        3    ####...
 Airstrike                Air            #.........   100%        4    #####..
 Force Lance              Conj/Tloc      #.......     100%        4    #####..
 Leda's Liquefaction      Hex/Erth       #.........   100%        4    #####..
 Petrify                  Tmut/Erth      #.......     100%        4    #####..
 Lightning Bolt           Conj/Air       #.........   100%        5    ######.
 Metabolic Englaciation   Hex/Ice        #.........   100%        5    ######.
 Yara's Violent Unravell  Hex/Tmut       #.........   100%        5    ######.
 Dispersal                Tloc           #.........   100%        6    #######
 Statue Form              Tmut/Erth      #........    100%        6    #######
 Controlled Blink         Tloc           N/A          100%        8    #######
 Disjunction              Tloc           #.........   100%        8    #######


Dungeon Overview and Level Annotations

Branches:
Dungeon (15/15)            Temple (1/1) D:5            Lair (6/6) D:8
  Swamp (4/4) Lair:4        Snake (0/4) Lair:2        Slime (0/5) Lair:6
    Orc (0/2) D:10         Vaults (0/5) D:14         Depths (0/5) D:15

Altars:
Ashenzari
Cheibriados
Dithmenos
Elyvilon
Fedhas
Gozag
Hepliaklqana
Kikubaaqudgha
Makhleb
Nemelex Xobeh
Okawaru
Qazlal
Ru
Sif Muna
Trog
Uskayaw
Vehumet
Wu Jian
Xom
Yredelemnul
Zin
The Shining One
Jiyva

Shops:
D:4 *[   D:6 ??*   D:7 [   D:8 *   D:10 (   D:13 ?   D:15 ?

Annotations:
D:3 1 runed translucent door, Crazy Yiuf
D:4 2 transporters
D:5 , Orc Warrior
D:9 2 transporters, exclusion: obsidian statue


Message History

Unknown command.
The fire dragon is engulfed in blazing flames.
The swamp dragon is engulfed in blazing flames.
The fire dragon breathes flames at you. The blast of flame hits you!
You resist.
* * * LOW HITPOINT WARNING * * *
A swamp dragon comes into view.
The swamp dragon breathes poison at you.
The blast of poison engulfs you. You resist.
You hear a deafening roar!
You see here a vampire mosquito corpse.
The swamp dragon breathes poison at you.
The blast of poison engulfs you but does no damage.
You are poisoned.
You resist.
You see here a vampire mosquito corpse.
You feel sick. The fire dragon breathes flames at you.
The blast of flame hits you!! You resist.
You die...

♣.≈≈<≈§.♣ ♣≈....§. ♣.≈.≈≈.♣♣
♣≈≈≈..≈. ♣♣.≈≈≈≈≈≈♣ ♣♣♣ ♣.≈≈....
♣♣≈.≈≈≈≈≈♣ ♣♣≈♣ ♣...≈.♣♣
≈≈..≈≈≈.♣♣♣♣ ♣♣..♣♣♣..≈≈≈.♣
.≈≈≈≈≈≈.♣≈.♣ ♣♣♣♣♣ ♣≈....≈.≈≈≈..o
≈≈≈≈≈≈≈....♣♣♣§☼.♣♣♣.≈≈....≈.≈≈≈.
♣.≈≈≈≈≈≈.≈≈.≈♣§○☼☼♣☼..≈≈≈≈≈.♣.≈≈≈
♣.≈≈≈≈≈≈≈≈≈.♣♣○§@☼D○≈≈≈≈≈≈≈.♣♣≈≈≈
♣..≈.....≈≈§.♣♣☼♣°§○§≈≈≈.≈.♣♣♣♣..
♣♣♣♣./≈.≈≈≈≈≈.☼§§♣♣†☼D..♣♣♣♣ ♣♣.
♣♣.≈≈≈≈≈≈≈≈...§♣[≈☼t.♣♣♣ ♣♣
♣.≈≈≈.≈≈≈≈...♣♣.≈≈°..≈♣♣ ♣
♣≈≈≈♣♣§≈§..≈≈♣♣≈.≈D≈≈†.♣♣♣♣
♣♣♣♣♣.≈≈≈≈...♣♣.≈≈≈≈≈≈†...♣♣
♣.≈≈≈≈.♣♣♣♣.§≈≈≈≈§.≈≈≈.♣
♣♣.≈≈≈≈♣♣ ♣.≈≈≈≈≈≈≈≈≈≈≈..


You could see a fire dragon, 2 swamp dragons and a fire crab.

Vanquished Creatures
  Mara (Swamp:3)
  Nikola (Swamp:2)
  Kirke (Lair:4)
  3 thorn hunters
  Roxanne (Swamp:4)
  A minotaur (Gauntlet)
  2 fire dragons
  An ogre mage (D:15)
  An ice dragon (D:15)
  10 hydras
  A shambling mangrove (Swamp:2)
  10 alligators
  A death knight (D:15)
  4 two-headed ogres (D:15)
  2 centaur warriors
  3 death yaks (Gauntlet)
  A spriggan (Swamp:3)
  An unseen horror (D:11)
  4 swamp dragons
  2 necromancers
  The ghost of Thomus the Cleaver, a novice MiBe of Trog (D:5)
  An orc knight (D:10)
  A wolf spider zombie (D:14)
  10 ugly things
  A deep elf mage (D:15)
  15 slime creatures
  8 elephants
  2 ice statues (IceCv)
  A gargoyle (D:15)
  18 spiny frogs
  2 black mambas
  2 minotaur zombies (Gauntlet)
  A rime drake (Lair:6)
  An efreet (Gauntlet)
  A komodo dragon (Lair:5)
  A troll (D:14)
  5 bog bodies
  7 tyrant leeches
  4 hornets
  A polar bear (Lair:5)
  7 hippogriffs
  9 blink frogs (Lair:6)
  2 shadows (Swamp:2)
  A wraith (D:15)
  21 yaks
  2 fire elementals (Gauntlet)
  4 basilisks
  2 wyverns
  2 hungry ghosts
  3 hogs (Lair:4)
  24 vampire mosquitoes
  3 chaos spawn (D:14)
  Menkaure (D:5)
  13 swamp worms
  4 insubstantial wisps (Lair:4)
  10 water moccasins
  3 porcupines
  3 hell hounds (Gauntlet)
  8 swamp drakes
  4 orc warriors (D:5)
  4 phantoms
  8 ice beasts
  2 black bears
  4 sky beasts
  12 ogres
  2 eyes of draining
  3 necrophages
  A hornet zombie (D:6)
  5 centaurs
  11 wolves
  10 crocodiles
  4 big kobolds
  22 bullfrogs
  3 scorpions
  5 wights (D:11)
  9 killer bees
  3 howler monkeys
  An electric eel (Lair:6)
  5 crimson imps
  2 bullfrog zombies
  5 jellies
  A quasit (D:15)
  A hound (D:4)
  A bullfrog skeleton (D:7)
  6 centaur skeletons
  A gnoll shaman (D:6)
  4 orc priests
  4 iguanas
  Jessica (D:3)
  6 orc wizards
  9 worker ants
  A killer bee zombie (D:7)
  2 hound zombies
  2 worker ant zombies
  21 adders
  5 gnolls (D:7)
  4 shadow imps
  11 white imps (Lair:5)
  5 oozes
  2 adder skeletons
  3 dart slugs
  4 worms
  3 leopard geckos
  23 orcs
  3 ball pythons
  9 giant cockroaches
  7 goblins
  17 hobgoblins
  13 jackals
  10 kobolds
  7 quokkas
  7 bats
  2 frilled lizards
  A leopard gecko zombie (D:7)
  8 rats
  9 briar patches
  2 fungi
  6 plants
602 creatures vanquished.

Vanquished Creatures (collateral kills)
  Rupert (D:12)
  Aizul (Swamp:4)
  Nessos (Lair:5)
  6 hydras
  A two-headed ogre (D:11)
  A tengu warrior (D:14)
  An alligator (Swamp:3)
  A wizard (D:15)
  A swamp dragon (Swamp:4)
  4 ugly things
  2 manticores
  3 elephants (Lair:4)
  A black mamba (Lair:3)
  A gargoyle (D:13)
  11 spiny frogs
  4 komodo dragons
  2 polar bears
  A troll (D:14)
  2 slime creatures (D:12)
  3 tyrant leeches
  7 hippogriffs
  7 blink frogs (Lair:6)
  20 yaks
  A wyvern (Lair:3)
  2 basilisks (Lair:1)
  A steam dragon (Swamp:4)
  6 vampire mosquitoes
  An acid dragon (D:11)
  7 porcupines
  8 water moccasins
  A sky beast (D:10)
  An eye of draining (D:13)
  A swamp drake (Swamp:4)
  2 centaurs (D:10)
  10 wolves
  3 crocodiles
  10 bullfrogs
  A scorpion (D:12)
  A wyvern skeleton (D:12)
  5 killer bees
  An electric eel (Lair:3)
  3 wights (D:11)
  3 crimson imps
  A hound (D:13)
  A jelly (D:12)
  An orc priest (D:11)
  A worker ant (D:12)
  2 shadow imps
  A white imp (Lair:5)
  10 orcs
  2 kobolds (D:10)
  A bush (Lair:2)
  A butterfly (Lair:1)
  A fungus (Lair:3)
  8 plants
180 creatures vanquished.

Vanquished Creatures (others)
  An orc sorcerer (Swamp:4)
  2 orc knights
  A centaur warrior (D:15)
  An alligator (Swamp:4)
  A lindwurm (Swamp:4)
  A swamp dragon (Swamp:4)
  2 steam dragons (Swamp:4)
  2 swamp drakes (Swamp:4)
  A bullfrog (Lair:4)
  4 orc priests
  2 orc wizards
  12 orcs
  A briar patch (Swamp:1)
  8 demonic plants (Gauntlet)
  A fungus (Lair:4)
  27 plants
67 creatures vanquished.

Grand Total: 849 creatures vanquished

Notes
Turn   | Place    | Note
-------+----------+-------------------------------------------
     0 | D:1      | Hogrash the Hill Orc Monk began the quest for the Orb.
     0 | D:1      | Reached XP level 1. HP: 19/19 MP: 1/1
   203 | D:1      | Reached XP level 2. HP: 23/27 MP: 2/2
   875 | D:1      | Reached XP level 3. HP: 33/33 MP: 3/3
   991 | D:1      | Reached skill level 1 in Shields
  1140 | D:1      | Found a glowing golden altar of the Shining One.
  1394 | D:2      | Reached skill level 5 in Axes
  1405 | D:2      | Reached XP level 4. HP: 24/41 MP: 4/4
  1727 | D:2      | Found a snail-covered altar of Cheibriados.
  2079 | D:2      | Noticed an ogre
  2273 | D:2      | Reached XP level 5. HP: 44/47 MP: 5/5
  2360 | D:2      | Reached skill level 5 in Fighting
  2773 | D:2      | Killed an ogre
  2773 | D:2      | Reached skill level 1 in Armour
  3058 | D:3      | Found a runed translucent door.
  3059 | D:3      | Noticed Crazy Yiuf
  3104 | D:3      | Found a sacrificial altar of Ru.
  3190 | D:3      | Reached XP level 6. HP: 56/56 MP: 6/6
  3685 | D:3      | Noticed Jessica
  3701 | D:3      | Killed Jessica
  4081 | D:3      | Found a sparkling altar of Nemelex Xobeh.
  4208 | D:3      | Found a shadowy altar of Dithmenos.
  4210 | D:3      | Found a transporter.
  4222 | D:3      | Found a transporter.
  4604 | D:3      | Got a shimmering war axe
  4612 | D:3      | Identified the +3 war axe "Rois" {elec, rPois} (You found
                  | it on level 3 of the Dungeon)
  4720 | D:4      | Found Buaffe's Armour Emporium.
  4754 | D:4      | Found a transporter.
  4791 | D:4      | Found a transporter.
  4880 | D:4      | Found a white marble altar of Elyvilon.
  4900 | D:4      | Reached XP level 7. HP: 62/62 MP: 7/7
  5360 | D:4      | Found Guurgh's Serpentskin Sales.
  5437 | D:5      | Entered Level 5 of the Dungeon
  5725 | D:5      | Found a staircase to the Ecumenical Temple.
  6125 | Temple   | Entered the Ecumenical Temple
  6378 | D:5      | Found an opulent altar of Gozag.
  6471 | D:5      | Reached XP level 8. HP: 67/71 MP: 8/8
  6473 | D:5      | Found a runed translucent door.
  6478 | D:5      | Noticed Thomus's ghost (novice MiBe)
  6523 | D:5      | Found an ornate altar of the Wu Jian Council.
  6531 | D:5      | Noticed Menkaure
  6551 | D:5      | Killed Menkaure
  6986 | D:6      | Reached skill level 5 in Shields
  7026 | D:6      | Found Bitosur's Magic Scroll Boutique.
  7035 | D:6      | Became a worshipper of Beogh the Brigand
  7035 | D:6      | Reached * piety under Beogh
  7035 | D:6      | Reached ** piety under Beogh
  7085 | D:6      | Found Nuapsup's Magic Scroll Emporium.
  7454 | D:6      | Reached skill level 5 in Armour
  7605 | D:6      | You fall through a shaft for 2 floors!
  7615 | D:8      | Reached XP level 9. HP: 79/80 MP: 9/9
  7850 | D:6      | Found Tonkuzia's Assorted Antiques.
  8070 | D:7      | Found a snail-covered altar of Cheibriados.
  8465 | D:7      | Reached *** piety under Beogh
  8988 | D:7      | Found Imym's Armour Boutique.
  8995 | D:7      | Bought the +0 pair of gloves "Bum Homo" {rC++ MR+++ Int-5
                  | Stlth+} for 325 gold pieces
  9202 | D:8      | Found a staircase to the Lair.
  9266 | D:8      | Found Nuitt's Assorted Antiques.
  9280 | D:8      | Found a burning altar of Makhleb.
  9462 | D:8      | Reached skill level 1 in Invocations
 10070 | D:8      | Noticed a komodo dragon
 10084 | D:8      | Killed a komodo dragon
 10381 | D:9      | Reached XP level 10. HP: 90/90 MP: 12/12
 10387 | D:9      | Reached skill level 10 in Axes
 10417 | D:9      | Reached **** piety under Beogh
 10735 | D:9      | Noticed a cyclops
 10735 | D:9      | Noticed a centaur warrior
 10736 | D:9      | Found a transporter.
 10736 | D:9      | Noticed a five-headed hydra
 10737 | D:9      | Found a transporter.
 10739 | D:9      | Noticed an obsidian statue
 10745 | D:9      | Found a sparkling altar of Nemelex Xobeh.
 10746 | D:9      | Found a glowing golden altar of the Shining One.
 10748 | D:9      | Found a basalt altar of Yredelemnul.
 11430 | D:9      | Found a stormy altar of Qazlal.
 11521 | D:9      | Found an iron altar of Okawaru.
 11947 | D:9      | Found a hazy altar of Hepliaklqana.
 12204 | D:10     | Entered Level 10 of the Dungeon
 12299 | D:10     | Noticed an orc knight
 12302 | D:10     | Found a staircase to the Orcish Mines.
 12311 | D:10     | Killed an orc knight
 12475 | D:10     | Reached skill level 5 in Invocations
 12695 | D:10     | Reached skill level 10 in Fighting
 12874 | D:10     | Found Qicvuge's Weapon Shop.
 13400 | D:11     | Reached XP level 11. HP: 75/99 MP: 15/15
 13419 | D:11     | Noticed a cyan ugly thing
 13424 | D:11     | Killed a cyan ugly thing
 13431 | D:11     | Found a gate leading to a gauntlet.
 13436 | Gauntlet | Entered a Gauntlet
 13436 | Gauntlet | Found a transporter.
 13436 | Gauntlet | Noticed a sixfirhy
 13507 | Gauntlet | Noticed a sixfirhy
 13552 | Gauntlet | Found a transporter.
 13553 | Gauntlet | Found a transporter.
 13553 | Gauntlet | Noticed a sixfirhy
 13555 | Gauntlet | Found a transporter.
 13557 | Gauntlet | Found a transporter.
 13558 | Gauntlet | Found a transporter.
 13563 | Gauntlet | Noticed a death yak
 13563 | Gauntlet | Noticed a death yak
 13564 | Gauntlet | Noticed a necromancer
 13565 | Gauntlet | Found a runed translucent gate.
 13565 | Gauntlet | Noticed a death yak
 13567 | Gauntlet | Found a runed translucent gate.
 13574 | Gauntlet | Found a transporter.
 13575 | Gauntlet | Noticed a wretched star
 13581 | Gauntlet | Found a transporter.
 13594 | Gauntlet | Found a runed translucent gate.
 13938 | Gauntlet | Killed a death yak
 13950 | Gauntlet | Killed a death yak
 13952 | Gauntlet | Killed a death yak
 13957 | Gauntlet | Killed a necromancer
 13961 | Gauntlet | Got a translucent lead amulet
 13966 | Gauntlet | Identified the amulet of Ozuad {Harm *Drain rElec rN+ Int+2
                  | Dex-2} (You found it in a Gauntlet)
 13984 | Gauntlet | Noticed a minotaur
 14009 | Gauntlet | Killed a minotaur
 14318 | Gauntlet | Got a scorched short sword
 14326 | Gauntlet | Identified the +7 short sword of the Crushed Lovers {drain,
                  | rElec rF++} (You found it in a Gauntlet)
 14638 | Lair:1   | Entered Level 1 of the Lair of Beasts
 14864 | Lair:1   | Reached XP level 12. HP: 102/110 MP: 16/18
 15637 | Lair:2   | Found a staircase to the Snake Pit.
 15644 | Lair:2   | Reached skill level 10 in Shields
 15646 | Lair:2   | Gained Bogric as an ally
 15646 | Lair:2   | Noticed a five-headed hydra
 15660 | Lair:2   | Killed a five-headed hydra
 15679 | Lair:2   | Noticed an eight-headed hydra
 15848 | Lair:2   | Killed an eight-headed hydra
 16869 | Lair:3   | Reached skill level 10 in Armour
 17065 | Lair:3   | Gained Grimold as an ally
 17214 | Lair:3   | Reached ***** piety under Beogh
 17215 | Lair:3   | Noticed a seven-headed hydra
 17226 | Lair:3   | Killed a seven-headed hydra
 17624 | Lair:4   | Found a staircase to the Swamp.
 17685 | Lair:4   | Reached skill level 10 in Invocations
 17837 | Lair:4   | Reached XP level 13. HP: 115/119 MP: 18/20
 18001 | Lair:4   | Your ally Bogric died
 18232 | Lair:4   | Noticed Kirke
 18242 | Lair:4   | Killed Kirke
 18777 | Lair:5   | Found a frozen archway.
 18837 | IceCv    | Entered an ice cave
 18838 | IceCv    | Found a transporter.
 18908 | IceCv    | Found a transporter.
 19344 | Lair:5   | Noticed Nessos
 19823 | Lair:5   | Killed Nessos
 20325 | Lair:6   | Entered Level 6 of the Lair of Beasts
 20411 | Lair:6   | Reached ****** piety under Beogh
 20474 | Lair:6   | Reached XP level 14. HP: 100/129 MP: 16/22
 20799 | D:5      | Killed Thomus's ghost
 20885 | D:5      | Found a staircase to the Ecumenical Temple.
 20890 | D:5      | Found an ornate altar of the Wu Jian Council.
 21580 | Lair:6   | Gained Marbaugh as an ally
 22037 | Lair:6   | Found a viscous altar of Jiyva.
 22037 | Lair:6   | Found a staircase to the Slime Pits.
 22700 | Lair:6   | Found the +7 Spriggan's Knife {stab, EV+4 Stlth+}
 23648 | D:11     | Reached skill level 15 in Axes
 25045 | D:12     | Noticed Rupert
 25058 | D:12     | Killed Rupert
 26052 | D:13     | Found Owe Wae's Magic Scroll Shoppe.
 26082 | D:13     | Bought a scroll of identify for 30 gold pieces
 26479 | D:14     | Found a gate to the Vaults.
 27074 | D:14     | Found a shimmering altar of Xom.
 27098 | D:14     | Found the +7 mace of Variability {chain chaos}
 27262 | D:15     | Entered Level 15 of the Dungeon
 27277 | D:15     | Reached XP level 15. HP: 139/139 MP: 24/24
 27291 | D:15     | Found a hide-covered altar of Uskayaw.
 27502 | D:15     | Found Dyodd's Magic Scroll Emporium.
 27867 | D:15     | Gained Arbolt as an ally
 27869 | D:15     | Your ally Arbolt died
 28188 | D:15     | Found a staircase to the Depths.
 28675 | Swamp:1  | Entered Level 1 of the Swamp
 29435 | Swamp:1  | Reached skill level 15 in Fighting
 29452 | Swamp:1  | Noticed a thorn hunter
 29460 | Swamp:1  | Killed a thorn hunter
 30427 | Swamp:2  | Noticed Nikola
 30904 | Swamp:2  | Killed Nikola
 31328 | Swamp:2  | Got a steaming scimitar
 31329 | Swamp:2  | Identified the +3 scimitar of Wunto {slice, +Blink} (You
                  | found it on level 2 of the Swamp)
 31865 | Swamp:2  | Reached XP level 16. HP: 121/149 MP: 19/26
 32204 | Swamp:3  | Noticed Mara
 32210 | Swamp:3  | Noticed Hogrash's illusion
 32211 | Swamp:3  | Killed Mara
 32486 | Swamp:3  | Noticed a thorn hunter
 32495 | Swamp:3  | Killed a thorn hunter
 32848 | Swamp:4  | Entered Level 4 of the Swamp
 32848 | Swamp:4  | Noticed a thorn hunter
 32859 | Swamp:4  | Killed a thorn hunter
 32859 | Swamp:4  | Reached skill level 15 in Invocations
 32909 | Swamp:4  | Noticed Aizul
 32928 | Swamp:4  | Killed Aizul
 32931 | Swamp:4  | Got a faintly humming plate armour
 33000 | Swamp:3  | Identified the +12 plate armour of the Black Moon {rN+
                  | rCorr Str+4 Int-2} (You found it on level 4 of the Swamp)
 33308 | Swamp:4  | Gained Argrim as an ally
 33370 | Swamp:4  | Identified Roxanne's Incunabulum of the Mountains
 33370 | Swamp:4  | Noticed Roxanne
 33393 | Swamp:4  | Killed Roxanne
 33399 | Swamp:4  | Got an encrusted plate armour
 33410 | Swamp:4  | Identified the +0 plate armour of Freedom {MP+9 Slay-4
                  | Stlth+} (You found it on level 4 of the Swamp)
 33512 | Swamp:4  | Your ally Argrim died
 33531 | Swamp:4  | Killed from afar by a fire dragon

Skill      XL: |  1  2  3  4  5  6  7  8  9 10 11 12 13 14 15 16 |
---------------+-------------------------------------------------+-----
Fighting       | 4 5 6 7 9 10 11 12 13 14 15 16 | 16.1
Shields        | 1 2 3 4 5 7 8 9 10 11 12 13 14 | 14.5
Axes           | 5 6 7 8 9 11 12 13 14 15 16 | 16.0
Armour         | 1 2 3 5 6 8 9 10 11 12 13 14 | 14.3
Invocations    | 3 5 8 10 11 13 14 15 | 15.3
Dodging        | |  2.4
Stealth        | |  1.5

Action                   |  1- 3 |  4- 6 |  7- 9 | 10-12 | 13-15 | 16-18 || total
-------------------------+-------+-------+-------+-------+-------+-------++-------
Melee: Hand axe          |   134 |   214 |       |       |       |       ||   348
       War axe           |       |    13 |   326 |   416 |   540 |    52 ||  1347
       Unarmed           |       |     4 |       |       |    14 |       ||    18
       Broad axe         |       |       |       |       |   237 |   100 ||   337
 Fire: Hunting sling     |     8 |    44 |       |       |       |       ||    52
       Hand crossbow     |       |       |       |       |    44 |       ||    44
Throw: Stone             |     4 |       |     1 |       |       |       ||     5
       Javelin           |       |       |       |       |     2 |       ||     2
Invok: Convert to Beogh  |       |       |     1 |       |       |       ||     1
       Smiting           |       |       |       |    10 |    15 |     7 ||    32
       Recall Orcish Fol |       |       |       |     5 |     2 |       ||     7
       Stop Recall       |       |       |       |     4 |     2 |       ||     6
       Give Item to Name |       |       |       |       |     1 |       ||     1
 Abil: Stop Flying       |       |       |       |     1 |       |       ||     1
       Evoke Flight      |       |       |       |     1 |       |       ||     1
Evoke: Wand              |       |       |       |     5 |     2 |       ||     7
  Use: Scroll            |       |    10 |     4 |     8 |    17 |       ||    39
       Potion            |       |     1 |       |     9 |     2 |     2 ||    14
 Stab: Sleeping          |     3 |     1 |     2 |       |     6 |       ||    12
       Distracted        |       |       |       |     4 |    10 |     1 ||    15
       Paralysed         |       |       |       |       |       |     2 ||     2
  Eat: Chunk             |     1 |    12 |    17 |    15 |    31 |     6 ||    82
       Ration            |       |       |       |     3 |     4 |       ||     7
Armor: Robe              |     7 |       |       |       |       |       ||     7
       Ring mail         |    12 |    65 |       |       |       |       ||    77
       Scale mail        |       |     2 |    93 |       |       |       ||    95
       Plate armour      |       |       |    31 |   262 |    74 |    92 ||   459
       Shadow dragon sca |       |       |       |       |   239 |       ||   239
Dodge: Dodged            |    58 |    99 |    99 |   181 |   234 |    39 ||   710
Block: Buckler           |    16 |    32 |       |       |       |       ||    48
       Shield            |       |     1 |   150 |   267 |   513 |   162 ||  1093
       Reflection        |       |       |       |       |    14 |     6 ||    20
